[Event "Team 45 45 League T63"]
[Site "Internet Chess Club"]
[Date "2014.12.29"]
[Round "5"]
[White "unclevinny"]
[Black "vjbaker"]
[Result "0-1"]
[WhiteElo "1613"]
[BlackElo "1737"]
[Opening "Sicilian: Nimzovich-Rossolimo attack (with ...g6, without ...d6)"]
[ECO "B31"]
[Time "21:01:25"]
[TimeControl "2700+45"]

1. e4 c5 2. Nf3 Nc6 3. Bb5 g6 4. O-O Bg7 5. Re1 Nf6 6. c3 d5 7. exd5 Nxd5 8.
Bxc6+ bxc6 9. d4 cxd4 10. Nxd4 Qb6 11. Nb3 Be6 12. Nd4 Bd7 13. Na3 O-O 14. Nc4
Qc7 15. Ne3 e5 16. Nxd5 cxd5 17. Nb3 Be6 18. Be3 Rad8 19. Bc5 Rfe8 20. Qe2 a5
21. Qb5 Ra8 22. Bb6 Qd6 23. Bxa5 Reb8 24. Qe2 e4 25. Bb4 Qc7 26. Nd4 Bxd4 27. a4
Be5 28. g3 Qc8 29. f3 f5 30. f4 Bc7 31. a5 d4 32. Red1 d3 33. Qe3 Rb5 {White
resigns} 0-1

[Event "Team 45 45 League T63"]
[Site "Internet Chess Club"]
[Date "2014.12.30"]
[Round "5"]
[White "Elton2013"]
[Black "stanbeers"]
[Result "1-0"]
[WhiteElo "1614"]
[BlackElo "1437"]
[Opening "Nimzo-Indian: classical variation"]
[ECO "E32"]
[Time "19:00:30"]
[TimeControl "2700+45"]

1. d4 Nf6 2. c4 e6 3. Nc3 Bb4 4. Qc2 O-O 5. Nf3 d5 6. a3 Bxc3+ 7. Qxc3 b6 8. Bf4
Bb7 9. Ne5 Nbd7 10. e3 c5 11. Nxd7 Qxd7 12. Be5 Ne4 13. Qc2 f6 14. Bf4 Rac8 15.
Bd3 cxd4 16. exd4 f5 17. b3 h6 18. O-O dxc4 19. bxc4 Qxd4 20. Be3 Qf6 21. Qa4
Nc5 22. Bxc5 bxc5 23. Qxa7 Be4 24. Bxe4 fxe4 25. a4 Qc3 26. Qa6 Qe5 27. a5 Ra8
28. Qb5 Rfb8 29. Qa4 Rb4 30. Qc6 Rab8 31. a6 Qxa1 32. Qxe6+ Kh8 33. h3 Qa5 34.
Rd1 R4b6 35. Qe5 Qxa6 36. Rd7 Rb1+ 37. Kh2 Qg6 38. Rd6 Qg5 39. Qxe4 R1b4 40. Rd5
Qf6 41. f3 Qc6 42. Rd8+ Rxd8 43. Qxc6 Rxc4 44. Qc7 Rd2 45. Qc8+ Kh7 46. Qf5+ Kg8
47. Qe6+ Kh7 48. Qxc4 {Black resigns} 1-0

[Event "Team 45 45 League T63"]
[Site "Internet Chess Club"]
[Date "2014.12.27"]
[Round "5"]
[White "Visin"]
[Black "Uku"]
[Result "1-0"]
[WhiteElo "1298"]
[BlackElo "1321"]
[Opening "Ruy Lopez: Berlin defense"]
[ECO "C65"]
[Time "12:00:41"]
[TimeControl "2700+45"]

1. e4 e5 2. Nf3 Nc6 3. Bb5 Nf6 4. d3 d6 5. Nc3 Bd7 6. Bg5 Be7 7. O-O Ng4 8. Bxe7
Qxe7 9. Nd5 Qd8 10. h3 Nf6 11. Nh2 Nxd5 12. exd5 Nd4 13. Bxd7+ Qxd7 14. f4 exf4
15. Rxf4 Nf5 16. Qf3 Nh6 17. Re1+ Kf8 18. c4 Re8 19. Rxe8+ Qxe8 20. Re4 Qd7 21.
Qe2 Nf5 22. Nf1 g6 23. g4 Nh6 24. Qe3 Kg7 25. Re7 Qd8 26. Qd4+ Kg8 27. Qf6 Qf8
28. Ng3 c5 29. Rxb7 Qa8 30. Qe7 Qf8 31. Ne4 Qxe7 32. Rxe7 Kg7 33. Nxd6 Kf6 34.
Rxa7 Rb8 35. b3 Rd8 36. Ne4+ Ke5 37. Ng5 Kd4 38. Nxf7 Nxf7 39. Rxf7 Kxd3 40. Rf2
Kd4 41. Kf1 h5 42. gxh5 gxh5 43. Ke1 Re8+ 44. Re2 Rf8 45. Kd2 Rf3 46. Rh2 h4 47.
Kc2 Rf8 48. Rd2+ Ke5 49. a4 Rb8 50. Kc3 Rb4 51. d6 Rb8 52. d7 Rd8 53. Rd5+ Ke6
54. b4 cxb4+ 55. Kxb4 Rxd7 56. Rxd7 Kxd7 57. Kc5 Kc7 58. a5 Kb7 59. Kd6 Kc8 60.
c5 Kb7 61. c6+ Kb8 62. Kd7 Ka7 63. c7 Kb7 64. c8=Q+ Ka7 65. Qh8 Ka6 66. Qxh4
Kxa5 67. Qc4 Kb6 68. Kd6 Ka7 69. Qb3 Ka6 70. Kc5 Ka7 71. Kc6 Ka8 72. Qb7# {Black
checkmated} 1-0

[Event "Team 45 45 League T63"]
[Site "Internet Chess Club"]
[Date "2014.12.28"]
[Round "5"]
[White "mindstorm"]
[Black "MateIn42"]
[Result "1-0"]
[WhiteElo "1508"]
[BlackElo "1343"]
[Opening "Two knights defense"]
[ECO "C55"]
[Time "10:04:02"]
[TimeControl "2700+45"]

1. e4 e5 2. Nf3 Nc6 3. d4 exd4 4. Bc4 Nf6 5. O-O d5 6. exd5 Nxd5 7. Re1+ Be7 8.
Nxd4 Nxd4 9. Qxd4 Be6 10. Bxd5 Bf6 11. Qd3 O-O 12. Bxe6 fxe6 13. Nc3 Bd4 14. Be3
e5 15. Bxd4 exd4 16. Qc4+ Kh8 17. Nb5 c6 18. Nxd4 Rf4 19. Rad1 Qb6 20. Qe2 Raf8
21. Nf3 Qxb2 22. Rd7 Qf6 23. Rxb7 Qg6 24. Kh1 h5 25. Rxa7 Rg4 26. Ne5 {Black
resigns} 1-0

[Event "Team 45 45 League T63"]
[Site "Internet Chess Club"]
[Date "2014.12.31"]
[Round "5"]
[White "divy7"]
[Black "bmw2002"]
[Result "1-0"]
[WhiteElo "1635"]
[BlackElo "1543"]
[Opening "Caro-Kann: advance variation"]
[ECO "B12"]
[Time "14:00:20"]
[TimeControl "2700+45"]

1. e4 c6 2. d4 d5 3. e5 Bf5 4. Nf3 e6 5. Be2 c5 6. O-O Nc6 7. c3 Qb6 8. dxc5
Bxc5 9. b4 Be7 10. Be3 Qc7 11. Nbd2 Nxe5 12. Nxe5 Bf6 13. Qa4+ Kd8 14. f4 Qxc3
15. Qd7# {Black checkmated} 1-0

[Event "Team 45 45 League T63"]
[Site "Internet Chess Club"]
[Date "2014.12.28"]
[Round "5"]
[White "Mitochondria"]
[Black "bluesun"]
[Result "1-0"]
[WhiteElo "1505"]
[BlackElo "1482"]
[Opening "QGD Slav: 4.Nc3"]
[ECO "D15"]
[Time "20:02:48"]
[TimeControl "2700+45"]

1. d4 d5 2. c4 c6 3. Nf3 Nf6 4. Nc3 Bf5 5. Bf4 Nbd7 6. e3 e6 7. Bd3 Bxd3 8. Qxd3
Nh5 9. Bg5 Qb6 10. O-O h6 11. Bh4 g5 12. Bg3 f5 13. cxd5 cxd5 14. Ne5 Nxe5 15.
Bxe5 Rg8 16. Qb5+ Qxb5 17. Nxb5 Kd7 18. Rfc1 a6 19. Rc7+ Kd8 20. Nc3 Bg7 21.
Rxb7 Bxe5 22. dxe5 Rg7 23. Rb6 Re7 24. Na4 Ng7 25. Rc1 Rc7 26. Rd6+ Kc8 27. Nb6+
Kb8 28. Rxc7 Ra7 29. Rxa7 Kxa7 30. Rd7+ Kxb6 31. Rxg7 Kb5 32. Rg6 Kc4 33. Rxe6
a5 34. Rxh6 Kd3 35. e6 Kc2 36. e7 Kxb2 37. e8=Q Kc3 38. Qe5+ Kd3 39. Qxd5+ Ke2
40. Qf3+ Kd3 41. Rd6+ Kc4 42. Qc6+ Kb4 43. Rd4+ Ka3 44. Qc3+ Kxa2 45. Rd2+ Kb1
46. Qb2# {Black checkmated} 1-0

[Event "Team 45 45 League T63"]
[Site "Internet Chess Club"]
[Date "2015.01.04"]
[Round "5"]
[White "Bizzy-Ketty"]
[Black "Zyme"]
[Result "1-0"]
[WhiteElo "1585"]
[BlackElo "1353"]
[Opening "French: Tarrasch"]
[ECO "C03"]
[Time "17:00:17"]
[TimeControl "2700+45"]

1. e4 e6 2. d4 d5 3. Nd2 Bb4 4. c3 Ba5 5. Bd3 c5 6. Ngf3 Nc6 7. O-O Nge7 8. Re1
O-O 9. dxc5 dxe4 10. Nxe4 Bd7 11. Bf4 Rc8 12. Nd6 Ra8 13. Qc2 Nc8 14. b4 Bc7 15.
Nxb7 Qf6 16. Bxc7 {Black resigns} 1-0

[Event "Team 45 45 League T63"]
[Site "Internet Chess Club"]
[Date "2015.01.02"]
[Round "5"]
[White "chuckh2"]
[Black "MasterD"]
[Result "0-1"]
[WhiteElo "1423"]
[BlackElo "1516"]
[Opening "Queen's pawn game"]
[ECO "A46"]
[Time "18:00:17"]
[TimeControl "2700+45"]

1. d4 Nf6 2. Nf3 e6 3. Bf4 b6 4. e3 Bb7 5. Bd3 Be7 6. h3 O-O 7. O-O d6 8. Nbd2
Nbd7 9. Re1 c5 10. c3 Qc7 11. Qc2 h6 12. Rac1 Nh5 13. Bh2 f5 14. Nh4 Bxh4 15.
Nc4 Qc6 16. Bf1 f4 17. exf4 Nxf4 18. Bxf4 Rxf4 19. Rxe6 Rxf2 20. Qd3 Rxg2+ 21.
Kh1 Rh2+ 22. Kxh2 Qh1# {White checkmated} 0-1

[Event "Team 45 45 League T63"]
[Site "Internet Chess Club"]
[Date "2014.12.28"]
[Round "5"]
[White "alexine"]
[Black "mongmong"]
[Result "1/2-1/2"]
[WhiteElo "1516"]
[BlackElo "1571"]
[Opening "French: advance, Paulsen attack"]
[ECO "C02"]
[Time "15:02:15"]
[TimeControl "2700+45"]

1. d4 e6 2. e4 d5 3. e5 c5 4. c3 Nc6 5. Nf3 Qb6 6. Be2 cxd4 7. cxd4 Nh6 8. Nc3
Nf5 9. Na4 Qa5+ 10. Nc3 Qb6 11. Bb5 Bd7 12. Bxc6 Bxc6 13. O-O Rc8 14. a3 Ne7 15.
b4 Ng6 16. Be3 Bb5 17. Nxb5 Qxb5 18. Rc1 Qd7 19. Rxc8+ Qxc8 20. Qa4+ Qd7 21.
Qxa7 Be7 22. Qb8+ Bd8 23. Qa7 O-O 24. Qc5 Be7 25. Qc3 Rc8 26. Qb3 b5 27. Ne1 Qc6
28. Nd3 Qc4 29. Qb1 Qc2 30. Nc5 Qxb1 31. Rxb1 Bxc5 32. bxc5 Rb8 33. a4 b4 34. a5
Ne7 35. a6 Nc6 36. Kf1 Ra8 37. Ra1 Kf8 38. Ke2 Ke7 39. Kd3 Kd7 40. Bd2 f6 41. f4
fxe5 42. fxe5 Rb8 43. a7 Ra8 44. g4 Rxa7 45. Rxa7+ Nxa7 46. Bxb4 Nc6 47. Bd2 g6
{Game drawn by mutual agreement} 1/2-1/2

[Event "Team 45 45 League T63"]
[Site "Internet Chess Club"]
[Date "2014.12.29"]
[Round "5"]
[White "julesraider"]
[Black "g8wrb"]
[Result "1-0"]
[WhiteElo "1546"]
[BlackElo "1264"]
[Opening "Nimzo-Indian: classical variation"]
[ECO "E32"]
[Time "09:04:05"]
[TimeControl "2700+45"]

1. d4 Nf6 2. c4 e6 3. Nc3 Bb4 4. Qc2 O-O 5. a3 Bxc3+ 6. Qxc3 c5 7. dxc5 Nc6 8.
Nf3 Ne4 9. Qc2 Nxc5 10. b4 Na6 11. b5 Nab4 12. axb4 Nxb4 13. Qb3 Qe7 14. Ba3 a5
15. Bxb4 Qf6 16. Ra2 a4 17. Rxa4 Rxa4 18. Qxa4 Qb2 19. Bxf8 Qc1+ 20. Qd1 Qc3+
21. Nd2 Kxf8 {Black resigns} 1-0

[Event "Team 45 45 League T63"]
[Site "Internet Chess Club"]
[Date "2014.12.28"]
[Round "5"]
[White "nosir"]
[Black "rkaebi"]
[Result "1/2-1/2"]
[WhiteElo "1451"]
[BlackElo "1395"]
[Opening "Réti: King's Indian attack (Barcza system)"]
[ECO "A07"]
[Time "10:00:51"]
[TimeControl "2700+45"]

1. Nf3 d5 2. g3 Nc6 3. d3 e5 4. Nbd2 Bc5 5. e4 Nf6 6. c3 dxe4 7. dxe4 Bg4 8. Bg2
Qd7 9. O-O Rd8 10. Qe2 Bh3 11. Nc4 Bxg2 12. Kxg2 Qe7 13. Be3 Bxe3 14. Nxe3 O-O
15. Nf5 Qd7 16. Rad1 Qc8 17. Nxe5 Qe6 18. Nxc6 bxc6 19. f3 Rxd1 20. Rxd1 Re8 21.
Qa6 Nxe4 22. Nd4 Qd5 23. Qxc6 Nf6 24. Qxd5 Nxd5 25. Kf2 c5 26. Nc6 Nb6 27. a3 a6
28. b3 g5 29. Rd8 Rxd8 30. Nxd8 c4 31. bxc4 Nxc4 32. a4 a5 33. Nc6 h5 34. h3 Kg7
35. Ke2 f5 36. Nd4 Kf6 37. Nb3 Ke5 38. Kd3 Kd5 39. Ke2 g4 40. hxg4 fxg4 41. fxg4
hxg4 42. Kd3 Nb2+ 43. Ke3 Ke5 44. Nxa5 Nxa4 45. c4 Nc5 46. Ke2 Ke4 47. Kf2 Nd3+
48. Ke2 Nc5 49. Nc6 Ne6 50. Ne7 Nd4+ 51. Kf2 Nb3 52. Ke2 Nd4+ 53. Kf2 Nb3 54.
Ke2 Nd4+ 55. Kf2 {Game drawn by repetition} 1/2-1/2

[Event "Team 45 45 League T63"]
[Site "Internet Chess Club"]
[Date "2014.12.27"]
[Round "5"]
[White "guyd52"]
[Black "SeniorCitizen"]
[Result "1/2-1/2"]
[WhiteElo "1332"]
[BlackElo "1312"]
[Opening "Réti: King's Indian attack (Barcza system)"]
[ECO "A07"]
[Time "07:00:26"]
[TimeControl "2700+45"]

1. Nf3 d5 2. g3 e6 3. Bg2 Nf6 4. d3 Be7 5. Nbd2 O-O 6. O-O Nbd7 7. Re1 c6 8. e4
dxe4 9. Nxe4 Nxe4 10. Rxe4 Nf6 11. Re1 Qb6 12. c3 Bd7 13. Ne5 Rad8 14. d4 Bc8
15. Qd3 c5 16. Be3 cxd4 17. Bxd4 Bc5 18. Bxc5 Qxc5 19. Qe3 Qxe3 20. Rxe3 Rd2 21.
Nc4 Rdd8 22. Bf3 b6 23. Ne5 Rd2 24. Nc4 Rdd8 25. b3 Ba6 26. Ne5 Rd6 27. Nc6 Rd7
28. Ne5 Rd2 29. Nc6 Rd7 30. Ne5 Rd2 {Game drawn by mutual agreement} 1/2-1/2

[Event "Team 45 45 League T63"]
[Site "Internet Chess Club"]
[Date "2014.12.27"]
[Round "5"]
[White "ticopatzer"]
[Black "xt"]
[Result "0-1"]
[WhiteElo "1724"]
[BlackElo "1661"]
[Opening "Sicilian: Nimzovich-Rossolimo attack (without ...d6)"]
[ECO "B30"]
[Time "15:01:23"]
[TimeControl "2700+45"]

1. e4 c5 2. Nf3 Nc6 3. Bb5 a6 4. Bxc6 bxc6 5. O-O d6 6. Nc3 Nf6 7. d3 Bg4 8. Be3
e5 9. h3 Bh5 10. g4 Bg6 11. Nh4 Be7 12. f4 exf4 13. Bxf4 Nxe4 14. Nxe4 Bxe4 15.
Qe2 Bd5 16. Nf5 Kd7 17. Rae1 Bf6 18. Nxd6 g6 19. Nxf7 Bxf7 20. Be5 Bxe5 21.
Rxf7+ Ke6 22. Ref1 Qd4+ 23. Kh1 Qd5+ 24. Kg1 Kd6 25. c3 Rae8 26. Qd2 Re7 27.
R7f3 Rhe8 28. a3 Bg7 29. Qf4+ Qe5 30. Qc4 Qe2 31. R1f2 Qd1+ 32. Kg2 Re2 33. b4
Rxf2+ 34. Rxf2 Re5 35. b5 Re2 36. bxa6 Rxf2+ 37. Kxf2 Qd2+ 38. Kf3 Bxc3 39. a7
Qd1+ 40. Kg2 Qe2+ 41. Kg1 Qe3+ 42. Kg2 Bd4 43. Qxd4+ cxd4 44. a8=Q Qe2+ 45. Kg1
Qxd3 46. Qd8+ Ke5 47. Qc7+ Kd5 48. Qxh7 Qe3+ 49. Kf1 Qe6 50. Qb7 Qf6+ 51. Ke2
Qe5+ 52. Kd1 d3 53. Qb3+ Ke4 54. Qc4+ Ke3 55. Qa2 Qe4 56. Qd2+ Kf3 57. Qh2 Qa4+
58. Ke1 Qxa3 59. Qf2+ Ke4 60. Qg2+ Ke3 61. Qf2+ Ke4 62. Qg2+ Kd4 63. Qf2+ Kd5
64. Qf3+ Ke6 65. Qe3+ Kd7 66. Qd4+ Qd6 67. Qxd6+ Kxd6 68. Kd2 Ke5 69. Kxd3 Kf4
70. Kd4 Kg3 71. Ke4 Kh4 72. Kf4 g5+ 73. Kf5 c5 {White resigns} 0-1

[Event "Team 45 45 League T63"]
[Site "Internet Chess Club"]
[Date "2014.12.30"]
[Round "5"]
[White "SugarIslander"]
[Black "rayfincle"]
[Result "1-0"]
[WhiteElo "1629"]
[BlackElo "1528"]
[Opening "Benkö gambit half accepted"]
[ECO "A57"]
[Time "14:00:18"]
[TimeControl "2700+45"]

1. d4 Nf6 2. c4 c5 3. d5 b5 4. cxb5 a6 5. b6 d6 6. Nc3 Qxb6 7. e4 g6 8. Be2 Bg7
9. Nf3 Bg4 10. Rb1 Nxe4 11. Nxe4 Qb4+ 12. Nfd2 Bf5 13. Qc2 Bh6 14. Bd3 c4 15.
Qxc4 Bxd2+ 16. Bxd2 Qxc4 17. Bxc4 Bxe4 18. Rc1 Nd7 19. f3 {Black resigns} 1-0

[Event "Team 45 45 League T63"]
[Site "Internet Chess Club"]
[Date "2014.12.27"]
[Round "5"]
[White "werty"]
[Black "mongmong"]
[Result "1/2-1/2"]
[WhiteElo "1559"]
[BlackElo "1593"]
[Opening "Queen's pawn"]
[ECO "A40"]
[Time "14:30:39"]
[TimeControl "2700+45"]

1. d4 e6 2. Bf4 Nf6 3. Nf3 b6 4. e3 Bb7 5. Nbd2 c5 6. c3 Be7 7. Bd3 O-O 8. h3
Nc6 9. O-O d6 10. Re1 Re8 11. Rc1 Nd7 12. Qc2 g6 13. e4 e5 14. dxe5 dxe5 15. Bh2
Bf8 16. Rcd1 Qe7 17. Nf1 Bg7 18. a3 Red8 19. Bc4 Nf8 20. Ne3 Na5 21. Bd5 Rd7 22.
Bxb7 Nxb7 23. Rxd7 Nxd7 24. Rd1 Rd8 25. Nd5 Qf8 26. b4 Nb8 27. Bxe5 Nc6 28. Bxg7
Qxg7 29. Ne3 Rxd1+ 30. Nxd1 Ne5 31. Nxe5 Qxe5 32. Qd3 Qf4 33. Qe3 Qd6 34. Qc1 a5
35. bxa5 Nxa5 36. Ne3 Kg7 37. Nd5 f5 38. f3 fxe4 39. fxe4 Qe5 40. Qf4 Qxf4 41.
Nxf4 Nc4 42. Nd5 Nxa3 43. Nxb6 Nb1 44. Nd7 c4 45. Nb6 Nxc3 46. Nxc4 Nxe4 47. Kh2
Kf6 48. Ne3 Ke5 49. Ng4+ Kf5 50. Ne3+ Kf4 51. Nd5+ Ke5 52. Ne3 Nf6 53. Kg3 Ne4+
54. Kf3 Ng5+ 55. Kg3 h5 56. Kh4 Ne6 57. Nc4+ Kf6 58. Ne3 Kg7 59. g4 Kh6 60. gxh5
gxh5 61. Nf5+ Kg6 62. Ng3 Nf4 63. Nxh5 Nxh5 64. Kg4 Nf6+ 65. Kf4 Nh5+ 66. Kg4
Nf6+ 67. Kf4 Nh5+ 68. Kg4 Nf6+ 69. Kg3 Kh5 70. Kf4 Ng8 71. Kg3 Ne7 72. Kf3 Kh4
73. Kg2 Ng6 74. Kh2 Nf4 75. Kg1 Kxh3 {Game drawn because neither player has
mating material} 1/2-1/2

[Event "Team 45 45 League T63"]
[Site "Internet Chess Club"]
[Date "2014.12.29"]
[Round "5"]
[White "craftsman49868"]
[Black "evan7284"]
[Result "0-1"]
[WhiteElo "1596"]
[BlackElo "1647"]
[Opening "QGD: 3.Nc3"]
[ECO "D31"]
[Time "09:00:29"]
[TimeControl "2700+45"]

1. d4 d5 2. c4 e6 3. Nc3 f5 4. Bf4 c6 5. e3 Nf6 6. Nf3 Bd6 7. Bd3 O-O 8. O-O Qe7
9. Bxd6 Qxd6 10. Qc2 Ne4 11. c5 Qe7 12. Rab1 Nd7 13. b4 a6 14. Na4 e5 15. Nb6
Nxb6 16. cxb6 exd4 17. exd4 Be6 18. Ne5 Nd6 19. a4 Qf6 20. Rfe1 Rae8 21. Rbc1
Qh4 22. Nf3 Qf4 23. Qd2 Qxd2 24. Nxd2 Bd7 25. Nf3 Nf7 26. Ne5 Nxe5 27. dxe5 f4
28. f3 Bf5 29. Rc3 Bxd3 30. Rxd3 Rf5 31. e6 Rf6 32. e7 Rf7 33. Rd4 g5 34. Re5 h6
35. Kf2 Rfxe7 36. Rxe7 Rxe7 37. g3 fxg3+ 38. hxg3 Kg7 39. a5 Re5 40. f4 gxf4 41.
Rxf4 Kg6 42. Kf3 Rf5 43. Ke3 Rxf4 44. gxf4 Kf5 45. b5 cxb5 46. Kd4 b4 47. Kxd5
b3 48. Kd6 b2 49. Kc7 b1=Q 50. Kxb7 Qb5 51. Ka7 Qxa5 52. b7 Qb5 53. Ka8 Qxb7+
54. Kxb7 a5 {White resigns} 0-1

[Event "Team 45 45 League T63"]
[Site "Internet Chess Club"]
[Date "2015.01.04"]
[Round "5"]
[White "pauliewoll"]
[Black "Chesscat9"]
[Result "1-0"]
[WhiteElo "1702"]
[BlackElo "1718"]
[Opening "French: Tarrasch, closed variation, main line"]
[ECO "C06"]
[Time "11:00:20"]
[TimeControl "2700+45"]

1. e4 e6 2. d4 d5 3. Nd2 Nf6 4. e5 Nfd7 5. Bd3 c5 6. c3 Nc6 7. Ne2 cxd4 8. cxd4
f6 9. exf6 Nxf6 10. O-O Bd6 11. Nf3 Qc7 12. g3 O-O 13. Bf4 Ng4 14. Bxd6 Qxd6 15.
Nc3 Qe7 16. Kg2 Bd7 17. h3 Nh6 18. Rc1 Qf6 19. Bb5 Rad8 20. Bxc6 bxc6 21. Ne5
Nf7 22. Qe2 Nxe5 23. dxe5 Qe7 24. Na4 Rb8 25. Nc5 Rb5 26. Qc2 Be8 27. b3 Bg6 28.
Qc3 Qf7 29. Qe3 Rd8 30. f4 d4 31. Rfd1 Qe7 32. Rxd4 Rxc5 33. Rxd8+ Qxd8 34. Rxc5
Qb6 35. Rc3 {Black resigns} 1-0

[Event "Team 45 45 League T63"]
[Site "Internet Chess Club"]
[Date "2014.12.28"]
[Round "5"]
[White "MetaGod"]
[Black "kutch"]
[Result "1-0"]
[WhiteElo "1621"]
[BlackElo "1430"]
[Opening "Ponziani: Jaenisch counter-attack"]
[ECO "C44"]
[Time "13:00:32"]
[TimeControl "2700+45"]

1. e4 e5 2. Nf3 Nc6 3. c3 Nf6 4. d4 d6 5. Bb5 a6 6. Ba4 b5 7. Bc2 Bg4 8. Be3 Be7
9. Nbd2 O-O 10. Nf1 d5 11. Ng3 exd4 12. cxd4 Bb4+ 13. Kf1 dxe4 14. Nxe4 Re8 15.
Nxf6+ Qxf6 16. h3 Bxf3 17. Qxf3 Qxf3 18. gxf3 Rad8 19. Rd1 Ne7 20. Kg2 Nd5 21.
Bc1 Ba5 22. a3 g6 23. h4 h5 24. f4 f5 25. Bb3 Kg7 26. Bxd5 Rxd5 27. Be3 Red8 28.
Rc1 R8d7 29. Rc6 Bb6 30. Rhc1 Bxd4 31. Bxd4+ Rxd4 32. Rxc7 Kf7 33. Rxd7+ Rxd7
34. Rc6 Rd2 35. b4 Rd4 36. Rxa6 Rxf4 37. Rb6 Rxh4 38. Rxb5 Rg4+ 39. Kh3 Rg1 40.
a4 Ke7 41. a5 Kd7 42. Rb7+ Kc8 43. a6 Rg4 44. b5 Ra4 45. Rg7 Ra5 46. a7 Ra4 47.
b6 g5 48. b7+ {Black resigns} 1-0

[Event "Team 45 45 League T63"]
[Site "Internet Chess Club"]
[Date "2014.12.28"]
[Round "5"]
[White "TwinsburgOHUSA"]
[Black "jcule"]
[Result "1/2-1/2"]
[WhiteElo "1458"]
[BlackElo "1415"]
[Opening "Pirc defense"]
[ECO "B07"]
[Time "16:00:36"]
[TimeControl "2700+45"]

1. e4 d6 2. d4 Nf6 3. Nc3 e5 4. dxe5 dxe5 5. Qxd8+ Kxd8 6. Bc4 Ke8 7. Bg5 Nbd7
8. Nge2 h6 9. Bd2 Bd6 10. h3 c6 11. O-O-O b5 12. Bxb5 cxb5 13. Nxb5 Ke7 14. Nxd6
Kxd6 15. Bxh6+ Ke6 16. Bxg7 Rg8 17. Bxf6 Nxf6 18. Ng3 Bb7 19. Rde1 Rad8 20. c3
Rd7 21. Re2 Ba6 22. Rd2 Bb7 23. Rxd7 Kxd7 24. Rh2 Nxe4 25. Nxe4 Bxe4 26. f3 Bd5
27. a3 f5 28. Kd2 f4 29. Kd3 Kd6 30. b4 a6 31. c4 Bc6 32. h4 Rg3 33. Ke2 e4 34.
fxe4 Bxe4 35. Kf2 Rxa3 36. h5 Ra2+ 37. Kg1 Ra1+ 38. Kf2 Ra2+ 39. Kg1 {Game drawn
by mutual agreement} 1/2-1/2

[Event "Team 45 45 League T63"]
[Site "Internet Chess Club"]
[Date "2015.01.02"]
[Round "5"]
[White "JeffH"]
[Black "JustinL"]
[Result "0-1"]
[WhiteElo "1705"]
[BlackElo "2009"]
[Opening "French: exchange variation"]
[ECO "C01"]
[Time "19:00:21"]
[TimeControl "2700+45"]

1. e4 e6 2. d4 d5 3. exd5 exd5 4. c4 Nf6 5. Nc3 c6 6. Nf3 Bb4 7. a3 Qe7+ 8. Qe2
Bxc3+ 9. bxc3 Be6 10. cxd5 cxd5 11. Bg5 Nc6 12. Qe3 h6 13. Bxf6 Qxf6 14. Bb5 O-O
15. Bxc6 bxc6 16. O-O Bf5 17. Qf4 Rfe8 18. Rfe1 g5 19. Qc7 Be4 20. Ne5 Rec8 21.
Qa5 Rab8 22. Nd7 Qf4 23. Nxb8 Rxb8 24. Ra2 Rb1 25. Rxb1 Bxb1 26. h4 Bxa2 27.
hxg5 hxg5 28. Qxa7 Qc1+ 29. Kh2 Qxc3 30. Qb8+ Kg7 31. Qe5+ Kg6 32. Qd6+ f6 33.
Qd7 Qxa3 34. Qe8+ Kg7 35. Qd7+ Kf8 36. Qc8+ Kf7 37. Qxc6 Bc4 38. Qd7+ Qe7 39.
Qf5 Qd6+ 40. Kg1 Kg7 41. Qc8 Bb5 42. Qb7+ Bd7 43. Qa7 Kg6 44. Qb7 Be6 45. Qb1+
Kg7 46. Qb7+ Bf7 47. Qa7 Qb4 48. Qa1 Qd2 49. Qa7 Qe1+ {White resigns} 0-1

[Event "Team 45 45 League T63"]
[Site "Internet Chess Club"]
[Date "2015.01.03"]
[Round "5"]
[White "chesskix"]
[Black "okieman888"]
[Result "1-0"]
[WhiteElo "1465"]
[BlackElo "1520"]
[Opening "French: advance, Nimzovich system"]
[ECO "C02"]
[Time "15:05:04"]
[TimeControl "2700+45"]

1. e4 e6 2. d4 d5 3. e5 c5 4. Nf3 cxd4 5. Nxd4 Nc6 6. Bb5 Bd7 7. Bxc6 bxc6 8.
O-O Bc5 9. c3 Ne7 10. Bg5 O-O 11. b4 Bb6 12. Nd2 c5 13. bxc5 Bxc5 14. N2b3 Ba4
15. Qd2 Bb6 16. Rfe1 Qc7 17. Rac1 Nc6 18. Nxc6 Bxc6 19. Nd4 Bb7 20. Re3 Ba6 21.
Rce1 Rfc8 22. Rg3 Kf8 23. Qf4 f5 {Black resigns} 1-0

[Event "Team 45 45 League T63"]
[Site "Internet Chess Club"]
[Date "2014.12.28"]
[Round "5"]
[White "jjaillet2007"]
[Black "KidRattler"]
[Result "1/2-1/2"]
[WhiteElo "1342"]
[BlackElo "1466"]
[Opening "QGD: exchange, positional line"]
[ECO "D35"]
[Time "20:01:57"]
[TimeControl "2700+45"]

1. d4 d5 2. c4 Nf6 3. Nc3 e6 4. cxd5 exd5 5. Bg5 Be7 6. e3 c6 7. Bd3 Be6 8. Nf3
Nbd7 9. O-O O-O 10. Rc1 Qb6 11. Qc2 h6 12. Bxf6 Nxf6 13. h3 Bd6 14. Rfe1 Qc7 15.
e4 dxe4 16. Nxe4 Nxe4 17. Bxe4 {Game drawn by mutual agreement} 1/2-1/2

[Event "Team 45 45 League T63"]
[Site "Internet Chess Club"]
[Date "2015.01.03"]
[Round "5"]
[White "JRussell2"]
[Black "stantheman59"]
[Result "0-1"]
[WhiteElo "1401"]
[BlackElo "1255"]
[Opening "Scotch gambit"]
[ECO "C44"]
[Time "15:02:53"]
[TimeControl "2700+45"]

1. e4 e5 2. Nf3 Nc6 3. d4 exd4 4. Bc4 Bc5 5. c3 dxc3 6. Nxc3 Nge7 7. O-O O-O 8.
Ng5 Ne5 9. Bb3 h6 10. Nf3 N5g6 11. Nd5 d6 12. Re1 c6 13. Nxe7+ Qxe7 14. Qd3 a5
15. Bf4 Nxf4 16. Qc2 Bg4 17. Nd2 Ne2+ 18. Kf1 Qh4 19. Rxe2 Bxe2+ 20. Kxe2 Qxf2+
21. Kd1 Qxg2 22. Qc1 Be3 23. Kc2 Rfe8 24. Kd3 Bxd2 25. Qc4 d5 26. exd5 cxd5 27.
Qc7 Re3+ 28. Kc2 Bc3+ 29. Kd1 Re1# {White checkmated} 0-1

[Event "Team 45 45 League T63"]
[Site "Internet Chess Club"]
[Date "2014.12.30"]
[Round "5"]
[White "Portola"]
[Black "qs16"]
[Result "0-1"]
[WhiteElo "1801"]
[BlackElo "1740"]
[Opening "Queen's pawn: Torre attack"]
[ECO "A46"]
[Time "09:00:22"]
[TimeControl "2700+45"]

1. d4 Nf6 2. Nf3 e6 3. Bf4 Nh5 4. Bd2 Nf6 5. Bg5 Be7 6. e3 b6 7. Bd3 Bb7 8. O-O
h6 9. Bf4 O-O 10. Nbd2 d6 11. e4 Nbd7 12. Qe2 Nh5 13. Be3 Nhf6 14. c4 e5 15. h3
exd4 16. Bxd4 c5 17. Bc3 Qc7 18. e5 dxe5 19. Nxe5 Rae8 20. Nef3 Bd6 21. Qd1 Ne5
22. Nxe5 Bxe5 23. Qc2 Re7 24. Rfe1 Rfe8 25. Nf1 Qc6 26. f3 Bd4+ 27. Kh1 Rxe1 28.
Rxe1 Rxe1 29. Bxe1 Qe6 30. Bf2 Qe5 31. b3 Nh5 32. Nh2 Bxf2 33. Qxf2 Ng3+ 34. Kg1
h5 35. Nf1 h4 36. Nxg3 hxg3 37. Qf1 Bc8 38. Qb1 Bxh3 39. gxh3 Qe3+ 40. Kh1 Qxf3+
{White resigns} 0-1

[Event "Team 45 45 League T63"]
[Site "Internet Chess Club"]
[Date "2014.12.29"]
[Round "5"]
[White "KnightOfLight"]
[Black "WillC"]
[Result "0-1"]
[WhiteElo "1732"]
[BlackElo "1741"]
[Opening "Van't Kruijs opening"]
[ECO "A00"]
[Time "18:02:49"]
[TimeControl "2700+45"]

1. e3 d5 2. b3 Nf6 3. Bb2 Bf5 4. Ne2 Nbd7 5. Ng3 Bg6 6. h3 e5 7. h4 h6 8. h5 Bh7
9. a4 Bd6 10. a5 c5 11. a6 b6 12. Bb5 O-O 13. Bc6 Rc8 14. Bb7 Rc7 15. Nc3 Nb8
16. Nb5 Rd7 17. Nxd6 Rxd6 18. Bxe5 Re6 19. f4 Nbd7 20. d4 cxd4 21. exd4 Ne4 22.
Nxe4 Bxe4 23. O-O Nxe5 24. fxe5 Qg5 25. g4 f5 26. Re1 fxg4 27. Rxe4 dxe4 28. Bd5
Qe3+ 29. Kh1 Qh3+ 30. Kg1 Qg3+ 31. Kh1 {White resigns} 0-1